 Dungeon Crawl Stone Soup version 0.31-a0-175-g9f7f995f2b (webtiles) character file.

Game seed: 15982394431617751889

23256 MacCMillion the Frost Mage (level 13, -2/98 HPs)
             Began as a Gnoll Ice Elementalist on June 17, 2023.
             Was a High Priest of Cheibriados.
             Slain by a catoblepas (30 damage)
             ... on level 3 of the Lair of Beasts.
             The game lasted 00:32:16 (19235 turns).

MacCMillion the Frost Mage (GnIE)                  Turns: 19235, Time: 00:32:16

Health: -2/98      AC:  8    Str: 21    XL:     13   Next: 5%
Magic:  35/35      EV: 21    Int: 34    God:    Cheibriados [*****.]
Gold:   650        SH:  0    Dex: 28    Spells: 20/31 levels left

rFire   . . .        C - +5 flail "Biawkowe" {freeze, Drain rElec Int+3 Dex+4}
rCold   . . .        (no shield)
rNeg    + . .        H - +0 acid dragon scales
rPois   .            (no helmet)
rElec   +            (no cloak)
rCorr   +            (no gloves)
SInv    .            (no boots)
Will    .....        (no amulet)
Stlth   +++++        j - ring of positive energy
HPRegen 0.36/turn    N - ring of magical power
MPRegen 0.24/turn

%: no passive effects
@: lethally poisoned (-2 -> -19), very slow
A: fangs 1, strong nose, distributed training
a: Renounce Religion, Bend Time, Temporal Distortion, Slouch, Step From Time


You were on level 3 of the Lair of Beasts.
You worshipped Cheibriados.
Cheibriados was extremely pleased with you.
You visited 3 branches of the dungeon, and saw 15 of its levels.
You also visited: Bailey.

You collected 802 gold pieces.
You spent 152 gold pieces at shops.

Inventory:

Hand Weapons
 f - a +0 short sword
 o - a +3 whip
 r - a +2 dagger of speed
 C - the +5 flail "Biawkowe" (weapon) {freeze, Drain rElec Int+3 Dex+4}
   (You found it on level 7 of the Dungeon)

   Int:       It affects your intelligence (+3).
   Dex:       It affects your dexterity (+4).
   rElec:     It insulates you from electricity.
   Drain:     It drains your maximum health when unequipped.
Missiles
 u - 2 curare-tipped darts
 E - 47 poisoned darts
 I - 2 throwing nets
Armour
 a - a +0 robe
 t - a +2 robe of willpower
 H - +0 acid dragon scales (worn)
Jewellery
 i - an amulet of guardian spirit
 j - a ring of positive energy (left hand)
 N - a ring of magical power (right hand)
 O - a +6 ring of strength
 P - a ring of protection from fire
Wands
 p - a wand of flame (12)
 J - a wand of roots (8)
 K - a wand of charming (13)
Scrolls
 c - 7 scrolls of teleportation
 g - 5 scrolls of noise
 h - 3 scrolls of revelation
 k - 6 scrolls of enchant armour {unknown}
 m - a scroll of enchant weapon
 w - 4 scrolls of poison {unknown}
 x - 4 scrolls of fear
 y - 3 scrolls of fog
 D - 4 scrolls of amnesia
 F - 2 scrolls of blinking
 L - a scroll of identify
 M - a scroll of torment {unknown}
Potions
 b - 2 potions of magic
 d - 4 potions of haste
 e - 5 potions of curing
 l - 2 potions of lignification
 n - 2 potions of brilliance
 q - 4 potions of invisibility
 s - 3 potions of attraction
 v - 3 potions of enlightenment {unknown}
 z - 2 potions of might
 A - a potion of mutation {unknown}
 B - 5 potions of heal wounds {unknown}
 G - a potion of ambrosia {unknown}


   Skills:
 + Level 8.2 Fighting
 + Level 8.2 Short Blades
 + Level 8.2 Long Blades
 + Level 8.2 Axes
 + Level 8.2 Maces & Flails
 + Level 8.2 Polearms
 + Level 8.2 Staves
 + Level 8.2 Ranged Weapons
 + Level 8.2 Throwing
 + Level 8.2 Armour
 + Level 9.4 Dodging
 + Level 9.2 Stealth
 + Level 8.2 Shields
 + Level 8.2 Unarmed Combat
 + Level 9.6 Spellcasting
 + Level 6.8 Conjurations
 + Level 6.8 Hexes
 + Level 6.8 Summonings
 + Level 6.8 Necromancy
 + Level 6.8 Translocations
 + Level 6.8 Transmutations
 + Level 6.8 Fire Magic
 + Level 9.9 Ice Magic
 + Level 6.8 Air Magic
 + Level 6.8 Earth Magic
 + Level 6.8 Poison Magic
 + Level 9.0 Invocations
 + Level 8.2 Evocations


You had 20 spell levels left.
You knew the following spells:

 Your Spells              Type           Power      Damage    Failure   Level
a - Freeze                Ice            100%       1d10      1%          1
b - Frozen Ramparts       Ice            100%       1d16      1%          3
c - Ozocubu's Armour      Ice            71%        N/A       1%          3
d - Summon Ice Beast      Ice/Summ       65%        N/A       1%          4

Your spell library contained the following spells:

 Spells                   Type           Power      Damage    Failure   Level
 Beastly Appendage        Tmut           100%       N/A       1%          1
 Magic Dart               Conj           100%       1d8       1%          1
 Call Imp                 Summ           100%       N/A       1%          2
 Sublimation of Blood     Necr           58%        N/A       1%          2
 Wereblood                Tmut           58%        N/A       1%          2
 Gell's Gravitas          Tloc           58%        N/A       1%          3
 Mephitic Cloud           Conj/Pois/Air  58%        N/A       1%          3
 Spider Form              Tmut/Pois      58%        N/A       1%          3
 Teleport Other           Tloc           58%        N/A       1%          3
 Dispersal                Tloc           29%        N/A       30%         6
 Summon Hydra             Summ           29%        N/A       86%         7


Dungeon Overview and Level Annotations

Branches:
Dungeon (11/15)            Temple (1/1) D:7            Lair (3/5) D:11
 Shoals (0/4) Lair:3       Spider (0/4) Lair:2          Orc (0/2) D:10
 Bailey (visited)

Altars:
Ashenzari
Cheibriados
Dithmenos
Elyvilon
Fedhas
Gozag
Hepliaklqana
Kikubaaqudgha
Makhleb
Nemelex Xobeh
Okawaru
Qazlal
Ru
Sif Muna
Trog
Uskayaw
Vehumet
Wu Jian
Xom
Yredelemnul
Zin
The Shining One

Shops:
D:5 ?   D:7 ?   D:10 ?

Portals:
Abyss: Lair:1

Annotations:
D:5 exclusion: ice beast
Lair:1 2 transporters, Voker57's ghost, journeyman DsMo
Lair:2 exclusion: wolf spider


Innate Abilities, Weirdness & Mutations

You have very sharp teeth.
Your uncanny sense of smell can sniff out nearby items.
Your experience applies equally to all skills.


Message History

The wolf is engulfed in calcifying dust.
The wolf is moving more slowly.
The wolf barely misses you.
The catoblepas breathes a plume of calcifying dust at you.
The blast of calcifying dust hits you!
The wolf is engulfed in calcifying dust.
The wolf completely misses you.
The wolf is engulfed in calcifying dust.
The wolf stops moving altogether!
The catoblepas attacks as you move away!
The catoblepas completely misses you.
The wolf is engulfed in calcifying dust. x2
A cane toad comes into view.
The wolf is engulfed in calcifying dust. x5
You sock the catoblepas! You freeze the catoblepas.
You punch the catoblepas, but do no damage.
You bite the catoblepas, but do no damage.
The catoblepas is severely wounded.
The wolf is engulfed in calcifying dust.
The wolf is moving more slowly.
The wolf bites you but does no damage.
The wolf is engulfed in calcifying dust.
The catoblepas breathes a plume of calcifying dust at you.
The blast of calcifying dust hits you.
The wolf is engulfed in calcifying dust.
The wolf stops moving altogether!
The wolf is engulfed in calcifying dust.
The wolf is engulfed in calcifying dust.
The catoblepas gores you.
The wolf is engulfed in calcifying dust.
The catoblepas breathes a plume of calcifying dust at you.
The blast of calcifying dust hits you but does no damage.
The wolf is engulfed in calcifying dust.
The catoblepas attacks as you move away!
The catoblepas barely misses you.
Your ice beast is no longer petrified.
The plant is engulfed in calcifying dust.
The cane toad stings you!
* * * LOW HITPOINT WARNING * * *
You are poisoned.
The cane toad poisons you! The catoblepas gores you!!
You die...

.........# #..###
#...##.##.## ...P.#####
##...#####.#####.####
.#.### #........#........†.
....# ##
##.................. ###+.#
..# ##.##..###.#...P.... ..
...##.#...#######......#
.⌠#.+......P# ###..#.#
........P.§# #.....#.
#...#@#§## #.#...## .##
######F#Y########.....#
#... .#†#...§§§#..#.####..#
.!hh.#.#...h#..#......#...#
.......#..hh§....####.#.P##
#.⌠.....Y.⌠......# #.....#
.......#P........## #..#..#
.......#..###..### #.....#
#.....###.....## #..P.##


You could see a catoblepas (ally target), a cane toad, a wolf (petrified) and a
friendly ice beast (summoned).

Vanquished Creatures
  A two-headed ogre (Bailey)
  Amaemon (Lair:2)
  Pikel (D:7)
  2 cyclopes (D:11)
  2 water nymphs (Lair:3)
  A rime drake (Lair:2)
  3 cane toads
  2 gargoyles (D:11)
  5 komodo dragons
  2 trolls
  2 hornets
  2 blink frogs
  A wraith (D:11)
  3 spriggans (Bailey)
  A wyvern (D:9)
  A basilisk (Lair:1)
  19 yaks
  3 steam dragons
  Grum (D:8)
  4 vampire mosquitoes (D:10)
  Menkaure (D:7)
  2 acid dragons
  7 water moccasins
  3 orc warriors
  A sky beast (D:7)
  A black bear (D:7)
  An ice beast (D:6)
  10 wolves
  6 ogres
  A centaur (D:10)
  5 kobold brigands
  11 bullfrogs
  A gnoll sergeant (D:8)
  3 scorpions
  12 wights
  10 killer bees (D:9)
  3 howler monkeys
  7 orc priests
  A jelly (D:7)
  3 hounds
  A gnoll bouda (D:8)
  A sleepcap (D:7)
  6 orc wizards
  2 iguanas (D:5)
  A mummy (D:5)
  12 gnolls
  4 adders
  3 shadow imps
  2 white imps (D:5)
  2 ufetubi (D:5)
  A worm (D:3)
  3 dart slugs
  32 orcs
  6 ball pythons
  An endoplasm (D:3)
  2 giant cockroaches
  10 goblins
  6 hobgoblins
  8 jackals
  3 quokkas
  4 bats
  3 frilled lizards (D:1)
  2 hobgoblin zombies (D:5)
  29 kobolds
  2 orc zombies (D:5)
  6 rats
298 creatures vanquished.

Vanquished Creatures (collateral kills)
  A two-headed ogre (D:11)
  A wolf spider (Lair:2)
  3 cane toads
  An orange demon (Lair:2)
  A rime drake (Lair:1)
  A troll (D:11)
  4 blink frogs
  A wyvern (Lair:1)
  9 yaks
  A steam dragon (Lair:2)
  A wolf (Lair:1)
24 creatures vanquished.

Vanquished Creatures (others)
  A shadow (D:11)
1 creature vanquished.

Grand Total: 323 creatures vanquished

Notes
Turn   | Place    | Note
-------+----------+-------------------------------------------
     0 | D:1      | MacCMillion the Gnoll Ice Elementalist began the quest for
                  | the Orb.
     0 | D:1      | Reached XP level 1. HP: 13/13 MP: 6/6
   115 | D:1      | Reached XP level 2. HP: 19/19 MP: 3/7
  1010 | D:2      | Reached skill level 5 in Spellcasting
  1010 | D:2      | Reached XP level 3. HP: 25/25 MP: 7/9
  1032 | D:1      | Learned a level 3 spell: Frozen Ramparts
  1036 | D:1      | Learned a level 3 spell: Ozocubu's Armour
  1040 | D:2      | Reached skill level 1 in Invocations
  1231 | D:2      | Reached skill level 1 in Fighting
  1231 | D:2      | Reached skill level 1 in Short Blades
  1231 | D:2      | Reached skill level 1 in Long Blades
  1231 | D:2      | Reached skill level 1 in Axes
  1231 | D:2      | Reached skill level 1 in Maces & Flails
  1231 | D:2      | Reached skill level 1 in Polearms
  1231 | D:2      | Reached skill level 1 in Staves
  1231 | D:2      | Reached skill level 1 in Ranged Weapons
  1231 | D:2      | Reached skill level 1 in Throwing
  1231 | D:2      | Reached skill level 1 in Armour
  1231 | D:2      | Reached skill level 1 in Shields
  1231 | D:2      | Reached skill level 1 in Unarmed Combat
  1231 | D:2      | Reached skill level 1 in Evocations
  1413 | D:2      | Reached XP level 4. HP: 29/32 MP: 4/11
  1906 | D:3      | Reached skill level 1 in Conjurations
  1906 | D:3      | Reached skill level 1 in Hexes
  1906 | D:3      | Reached skill level 1 in Summonings
  1906 | D:3      | Reached skill level 1 in Necromancy
  1906 | D:3      | Reached skill level 1 in Translocations
  1906 | D:3      | Reached skill level 1 in Transmutations
  1906 | D:3      | Reached skill level 1 in Fire Magic
  1906 | D:3      | Reached skill level 1 in Air Magic
  1906 | D:3      | Reached skill level 1 in Earth Magic
  1906 | D:3      | Reached skill level 1 in Poison Magic
  1907 | D:3      | Reached XP level 5. HP: 20/37 MP: 4/12
  2016 | D:3      | Found an opulent altar of Gozag.
  3364 | D:4      | Found an iron altar of Okawaru.
  3542 | D:4      | Found an iron altar of Okawaru.
  3926 | D:5      | Entered Level 5 of the Dungeon
  3947 | D:5      | Noticed a water moccasin
  3983 | D:5      | Killed a water moccasin
  3984 | D:5      | Reached skill level 5 in Dodging
  3984 | D:5      | Reached XP level 6. HP: 12/44 MP: 5/14
  4309 | D:5      | Found Harekap's Magic Scroll Shop.
  4349 | D:5      | Bought a scroll of identify for 26 gold pieces
  4372 | D:5      | Reached XP level 7. HP: 8/51 MP: 6/15
  4748 | D:5      | Reached skill level 5 in Stealth
  5744 | D:6      | Reached XP level 8. HP: 54/58 MP: 9/16
  5790 | D:6      | Found a radiant altar of Vehumet.
  6079 | D:6      | Found a glowing silver altar of Zin.
  7535 | D:7      | Reached XP level 9. HP: 65/65 MP: 18/18
  7684 | D:7      | Found a staircase to the Ecumenical Temple.
  7708 | Temple   | Entered the Ecumenical Temple
  7708 | Temple   | Found a transporter.
  7708 | Temple   | Found a transporter.
  7710 | Temple   | Found a transporter.
  7710 | Temple   | Found a transporter.
  7746 | D:7      | Identified the +5 flail "Biawkowe" {freeze, Drain rElec
                  | Int+3 Dex+4}
  7878 | D:7      | Learned a level 4 spell: Summon Ice Beast
  8210 | D:7      | Noticed Menkaure
  8218 | D:7      | Killed Menkaure
  8320 | D:7      | Found a blossoming altar of Fedhas.
  8411 | D:7      | Found Reff's Magic Scroll Boutique.
  8598 | D:7      | Bought a scroll of fear for 60 gold pieces
  8623 | D:7      | Reached skill level 5 in Invocations
  8636 | D:7      | Noticed Pikel
  8643 | D:7      | Killed Pikel
  9390 | D:8      | Noticed Grum
  9453 | D:8      | Reached skill level 5 in Fighting
  9453 | D:8      | Reached skill level 5 in Short Blades
  9453 | D:8      | Reached skill level 5 in Long Blades
  9453 | D:8      | Reached skill level 5 in Axes
  9453 | D:8      | Reached skill level 5 in Maces & Flails
  9453 | D:8      | Reached skill level 5 in Polearms
  9453 | D:8      | Reached skill level 5 in Staves
  9453 | D:8      | Reached skill level 5 in Ranged Weapons
  9453 | D:8      | Reached skill level 5 in Throwing
  9453 | D:8      | Reached skill level 5 in Armour
  9453 | D:8      | Reached skill level 5 in Shields
  9453 | D:8      | Reached skill level 5 in Unarmed Combat
  9453 | D:8      | Reached skill level 5 in Evocations
  9453 | D:8      | Reached XP level 10. HP: 50/72 MP: 15/20
  9527 | D:8      | Found a bloodstained altar of Trog.
  9868 | D:8      | Found a snail-covered altar of Cheibriados.
  9921 | D:8      | Identified the +3 ring mail of Zaqoc Zeceu {rN+}
  9938 | D:8      | Killed Grum
 10686 | D:8      | Found a sparkling altar of Nemelex Xobeh.
 10773 | D:8      | Became a worshipper of Cheibriados the Contemplative
 10875 | D:8      | Found a stormy altar of Qazlal.
 11378 | D:9      | Found a flagged portal.
 11383 | D:9      | Reached * piety under Cheibriados
 11398 | Bailey   | Entered a bailey
 11609 | Bailey   | Noticed a two-headed ogre
 11623 | Bailey   | Killed a two-headed ogre
 11624 | Bailey   | Reached skill level 5 in Conjurations
 11624 | Bailey   | Reached skill level 5 in Hexes
 11624 | Bailey   | Reached skill level 5 in Summonings
 11624 | Bailey   | Reached skill level 5 in Necromancy
 11624 | Bailey   | Reached skill level 5 in Translocations
 11624 | Bailey   | Reached skill level 5 in Transmutations
 11624 | Bailey   | Reached skill level 5 in Fire Magic
 11624 | Bailey   | Reached skill level 5 in Air Magic
 11624 | Bailey   | Reached skill level 5 in Earth Magic
 11624 | Bailey   | Reached skill level 5 in Poison Magic
 11739 | Bailey   | Reached XP level 11. HP: 38/81 MP: 15/22
 12333 | D:9      | Found an ornate altar of the Wu Jian Council.
 12604 | D:9      | Reached ** piety under Cheibriados
 12649 | D:9      | Found a burning altar of Makhleb.
 12994 | D:10     | Entered Level 10 of the Dungeon
 12994 | D:10     | Found Ohudeq's Magic Scroll Shoppe.
 12997 | D:10     | Bought a scroll of identify for 22 gold pieces
 12997 | D:10     | Bought a scroll of identify for 22 gold pieces
 12997 | D:10     | Bought a scroll of identify for 22 gold pieces
 13104 | D:10     | Found a shimmering altar of Xom.
 13469 | D:10     | Found a staircase to the Orcish Mines.
 13758 | D:10     | Found a white marble altar of Elyvilon.
 14000 | D:11     | Noticed a cyclops
 14029 | D:11     | Killed a cyclops
 14254 | D:11     | Noticed a two-headed ogre
 14262 | D:11     | Killed a two-headed ogre
 14395 | D:11     | Noticed a cyclops
 14411 | D:11     | Killed a cyclops
 14606 | D:11     | Reached *** piety under Cheibriados
 15052 | D:11     | Found a staircase to the Lair.
 16033 | Lair:1   | Entered Level 1 of the Lair of Beasts
 16052 | Lair:1   | Reached XP level 12. HP: 58/91 MP: 10/24
 16362 | Lair:1   | Reached **** piety under Cheibriados
 16543 | Lair:1   | Found an ornate altar of the Wu Jian Council.
 16802 | Lair:1   | Found a one-way gate to the infinite horrors of the Abyss.
 16802 | Lair:1   | Noticed a tentacled starspawn
 16803 | Lair:1   | Noticed Voker57's ghost (journeyman DsMo)
 16804 | Lair:1   | Found a transporter.
 16812 | Lair:1   | Identified the +8 falchion of Maucs {heavy, Str+7}
 16812 | Lair:1   | Noticed a rakshasa
 16812 | Lair:1   | Noticed a rakshasa
 16925 | Lair:1   | Found a transporter.
 17203 | Lair:2   | Noticed Amaemon
 17361 | Lair:2   | Killed Amaemon
 17475 | Lair:2   | Reached ***** piety under Cheibriados
 17742 | Lair:2   | Found a hole to the Spider Nest.
 18762 | Lair:3   | Reached XP level 13. HP: 76/98 MP: 25/26
 19235 | Lair:3   | Slain by a catoblepas

Illustrated notes

Levels and vault maps discovered:
D:1:      matt_arrival_grand_opening, layout_basic
D:2:      layout_rooms
D:3:      layout_loops_ring, old_standard_altar
D:4:      minmay_wonky_spiral, layout_basic, general_overflow_altar
D:5:      nicolae_cairo_tiling_very_big, layout_cave_pools, serial_shops,
          shop_scrolls, serial_demonic, serial_demonic_g, serial_demonic_a,
          serial_demonic_c, serial_demonic_f, minmay_curled_crystal,
          minmay_mini_ossuary
D:6:      layout_basic, zin_scriptorium, kennysheep_little_box
D:7:      layout_rooms, fedhas_altar_4, minmay_temple_entry_glass, serial_shops,
          shop_fountains, uniq_menkaure, uniq_pikel
D:8:      layout_cave_pools, bloody_trog, lemuel_crystal_altar,
          mainiacjoe_overflow_catwalk_spiral, minmay_misc_feat_hallway,
          uniq_grum
D:9:      layout_basic, mainiacjoe_overflow_brackets, amcnicky_altar_gilded,
          enter_bailey_3, reono_crystal_passage
D:10:     layout_stronghold, old_standard_altar, mainiacjoe_overflow_alcove_2,
          orc_0_dummy, nicolae_stop_n_shop_1, dreamdust_wishing_well
D:11:     layout_stronghold, david_lair_shrubbed, due_unseen_surprise
Temple:   hellmonk_temple_divided_pantheon
Lair:1:   layout_loops_ring, basic_altar, gammafunk_ghost_abyssal_escape,
          lemuel_fruit_fields, serial_bayou_shore_b
Lair:2:   layout_chaotic_city, spider_nest_entry_rubble, enter_volcano_2,
          beast_lair_carwin_11, uniq_amaemon
Lair:3:   layout_roguey, nicolae_shoals_entry_flooding,
          kennysheep_abandoned_house, grunt_megastairs_1

Skill      XL: |  1  2  3  4  5  6  7  8  9 10 11 12 13 |
---------------+----------------------------------------+-----
Spellcasting   | 5 6 7 8 9 |  9.6
Invocations    | 1 2 3 4 5 6 7 8 9 |  9.0
Fighting       | 1 2 3 5 6 7 8 |  8.2
Short Blades   | 1 2 3 5 6 7 8 |  8.2
Long Blades    | 1 2 3 5 6 7 8 |  8.2
Axes           | 1 2 3 5 6 7 8 |  8.2
Maces & Flails | 1 2 3 5 6 7 8 |  8.2
Polearms       | 1 2 3 5 6 7 8 |  8.2
Staves         | 1 2 3 5 6 7 8 |  8.2
Ranged Weapons | 1 2 3 5 6 7 8 |  8.2
Throwing       | 1 2 3 5 6 7 8 |  8.2
Armour         | 1 2 3 5 6 7 8 |  8.2
Shields        | 1 2 3 5 6 7 8 |  8.2
Unarmed Combat | 1 2 3 5 6 7 8 |  8.2
Evocations     | 1 2 3 5 6 7 8 |  8.2
Conjurations   | 1 2 3 4 5 6 |  6.8
Hexes          | 1 2 3 4 5 6 |  6.8
Summonings     | 1 2 3 4 5 6 |  6.8
Necromancy     | 1 2 3 4 5 6 |  6.8
Translocations | 1 2 3 4 5 6 |  6.8
Transmutations | 1 2 3 4 5 6 |  6.8
Fire Magic     | 1 2 3 4 5 6 |  6.8
Air Magic      | 1 2 3 4 5 6 |  6.8
Earth Magic    | 1 2 3 4 5 6 |  6.8
Poison Magic   | 1 2 3 4 5 6 |  6.8
Dodging        | 5 6 7 8 9 |  9.4
Stealth        | 5 6 7 8 9 |  9.2
Ice Magic      | 8 9 |  9.9

Action                     |  1- 3 |  4- 6 |  7- 9 | 10-12 | 13-15 || total
---------------------------+-------+-------+-------+-------+-------++-------
  Melee: Short sword       |    12 |    10 |       |       |       ||    22
         Unarmed           |     3 |       |       |       |       ||     3
         Bite              |     2 |     5 |    31 |    38 |     4 ||    80
         Whip              |       |    31 |       |       |       ||    31
         Punch             |       |     3 |    13 |     9 |     1 ||    26
         Dagger            |       |       |   168 |       |       ||   168
         Flail             |       |       |    87 |   211 |    18 ||   316
  Throw: Dart              |       |       |     1 |    20 |       ||    21
   Cast: Freeze            |    30 |    14 |    19 |    12 |       ||    75
         Frozen Ramparts   |     4 |    23 |    33 |    71 |     4 ||   135
         Ozocubu's Armour  |       |     4 |    33 |    50 |     2 ||    89
         Summon Ice Beast  |       |       |       |    25 |     3 ||    28
  Evoke: Wand              |       |       |       |     6 |       ||     6
    Use: Potion            |       |     2 |       |     1 |     1 ||     4
         Scroll            |       |     2 |     6 |     5 |       ||    13
   Stab: Sleeping          |     2 |     1 |     4 |     2 |       ||     9
         Distracted        |       |       |       |     1 |       ||     1
 Armour: Robe              |     5 |    17 |    52 |     9 |       ||    83
         Acid dragon scale |       |       |       |    53 |     6 ||    59
  Dodge: Dodged            |    26 |    35 |   134 |   256 |    19 ||   470

Table legend: (Time is in decaauts)
 A = Elapsed time spent in this place.
 B = Non-inter-level travel time spent in this place.
 C = Inter-level travel time spent in this place.
 D = Time resting spent in this place.
 E = Time spent auto-exploring this place.
 F = Levels seen in this place.
 G = Mean time per level.
                   A        B        C        D        E       F      G
               +--------+--------+--------+--------+--------+-----+--------+
         Total |  21780 |  21112 |    668 |   6186 |  11782 |  16 | 1361.2 |
       Dungeon |  16475 |  15893 |    582 |   4920 |   8730 |  11 | 1497.7 |
        Temple |     33 |     33 |      0 |      0 |      6 |   1 |   33.0 |
          Lair |   4354 |   4268 |     86 |    757 |   2881 |   3 | 1451.3 |
        Bailey |    917 |    917 |      0 |    509 |    164 |   1 |  917.0 |
               +--------+--------+--------+--------+--------+-----+--------+

Top non-repeatable levels by time:
    D:11: 2601 daAuts
     D:7: 2501 daAuts
  Lair:2: 2049 daAuts
     D:5: 1645 daAuts
     D:8: 1536 daAuts
  Lair:1: 1495 daAuts
    D:10: 1390 daAuts
     D:9: 1378 daAuts
     D:6: 1354 daAuts
     D:4: 1143 daAuts
     D:3: 1080 daAuts
     D:1: 1026 daAuts
  Bailey: 917 daAuts
     D:2: 815 daAuts
  Lair:3: 809 daAuts
